 Dungeon Crawl Stone Soup version 0.31-a0-848-gaac375c287 (webtiles) character file.

Game seed: 3637868005574791016

2794029 Flugkiller the Shapeless Octopus (level 27, 203/203 HPs)
             Began as an Octopode Shapeshifter on Oct 4, 2023.
             Was the Champion of Okawaru.
             Escaped with the Orb
             ... and 4 runes!
             The game lasted 01:24:22 (52201 turns).

Flugkiller the Shapeless Octopus (OpSh)            Turns: 52201, Time: 01:24:23

Health: 203/203    AC: 23    Str: 43    XL:     27
Magic:  32/32      EV: 63    Int: 12    God:    Okawaru [******]
Gold:   3430       SH:  0    Dex: 19    Spells: 26/26 levels left

rFire   + .          .
                       - Unarmed
rCold   + . .        V - melded +0 kite shield "Ogosiw" {Regen+ rCorr Str+4}
rNeg    . . .        l - melded +2 hat
rPois   ∞            K - amulet "Livuugh" {Spirit Fly Regen+ Slay+5}
rElec   +            v - +5 ring of evasion
rCorr   +            p - +4 ring of protection
SInv    .            f - ring of protection from fire
Will    ++...        X - ring "Gihimeib" {rC+ EV+5 Str+2}
Stlth   +            Y - ring of Cah Kude {rC- rCorr AC+4 Str+9}
HPRegen 1.33/turn    O - +6 ring of strength
MPRegen 0.23/turn    Q - ring "Daifior" {rCorr Str+6}
                     c - ring of protection from cold

%: guardian spirit
@: storm-form, flying, studying Polearms
A: cleaving, insubstantial, flying, almost no armour, amphibious, 8 rings,
(camouflage 1), (gelatinous body 1), (nimble swimmer 1), (tentacles),
(iridescent scales 1), (electricity resistance)
0: Orb of Zot
}: 4/15 runes: barnacled, silver, abyssal, gossamer
a: Blinkbolt, Begin Untransformation, Renounce Religion, Heroism, Finesse, Duel


You escaped.
You worshipped Okawaru.
Okawaru was exalted by your worship.
You were a lightning-filled tempest!
You visited 8 branches of the dungeon, and saw 44 of its levels.
You visited the Abyss 2 times.
You also visited: Gauntlet and Wizlab.

You collected 8396 gold pieces.
You spent 4966 gold pieces at shops.

Inventory:

Hand Weapons
 x - the +3 orcbow of the Heart {speed, *Corrode rC+ Str+3 Int+3 Dex+2}
   (You found it on level 5 of the Realm of Zot)

   Str+3:     It affects your strength (+3).
   Int+3:     It affects your intelligence (+3).
   Dex+2:     It affects your dexterity (+2).
   rC+:       It protects you from cold.
   *Corrode:  It may corrode you when you take damage.
Missiles
 N - 4 curare-tipped darts
 U - 11 throwing nets
Armour
 l - a +2 hat (melded)
   (You found it on level 4 of the Spider Nest)
 V - the +0 kite shield "Ogosiw" (melded) {Regen+ rCorr Str+4}
   (Okawaru gifted it to you on level 3 of the Lair of Beasts)

   Str+4:     It affects your strength (+4).
   Regen+:    It increases your rate of health regeneration.
   rCorr:     It protects you from acid and corrosion.
Jewellery
 a - a ring of protection from fire
   (You found it on level 3 of the Vaults)
 c - a ring of protection from cold (on tentacle)
   (You found it on level 3 of the Shoals)
 e - a +5 ring of evasion
   (You took it off a rakshasa on level 2 of the Depths)
 f - a ring of protection from fire (on tentacle)
   (You found it on level 15 of the Dungeon)
 i - a ring of see invisible
   (You found it on level 10 of the Dungeon)
 m - a ring of willpower
   (You found it on level 2 of the Depths)
 p - a +4 ring of protection (right tentacle)
   (You took it off an orc wizard on level 9 of the Dungeon)
 r - an amulet of the acrobat
   (You found it on level 2 of the Realm of Zot)
 v - a +5 ring of evasion (left tentacle)
   (You found it on level 3 of the Dungeon)
 K - the amulet "Livuugh" (around neck) {Spirit Fly Regen+ Slay+5}
   (You bought it in a shop on level 2 of the Depths)

   [amulet of guardian spirit]

   Spirit:    It causes incoming damage to be divided between your reserves of
   health and magic.
   Slay+5:    It affects your accuracy & damage with ranged weapons and melee
   (+5).
   Fly:       It grants you flight.
   Regen+:    It increases your rate of health regeneration.
 O - a +6 ring of strength (on tentacle)
   (You bought it in a shop on level 2 of the Orcish Mines)
 Q - the ring "Daifior" (on tentacle) {rCorr Str+6}
   (You found it in a wizard's laboratory)

   [ring of strength]

   Str+6:     It affects your strength (+6).
   rCorr:     It protects you from acid and corrosion.
 X - the ring "Gihimeib" (on tentacle) {rC+ EV+5 Str+2}
   (You found it on level 4 of the Depths)

   [ring of evasion]

   EV+5:      It affects your evasion (+5).
   Str+2:     It affects your strength (+2).
   rC+:       It protects you from cold.
 Y - the ring of Cah Kude (on tentacle) {rC- rCorr AC+4 Str+9}
   (You found it in a Gauntlet)

   [ring of protection]

   AC+4:      It affects your AC (+4).
   Str+9:     It affects your strength (+9).
   rC-:       It makes you vulnerable to cold.
   rCorr:     It protects you from acid and corrosion.
Talismans
 b - a storm talisman (active)
   (You bought it in a shop on level 2 of the Orcish Mines)
 H - a dragon-blood talisman
   (You took it off Bai Suzhen on level 4 of the Vaults)
Wands
 k - a wand of mindburst (19)
   (You found it on level 2 of the Lair of Beasts)
 A - a wand of paralysis (57)
   (You found it on level 5 of the Dungeon)
 E - a wand of iceblast (46)
   (You found it on level 6 of the Dungeon)
 I - a wand of quicksilver (29)
   (You found it on level 8 of the Dungeon)
 Z - a wand of digging (15)
   (You found it on level 12 of the Dungeon)
Scrolls
 g - 7 scrolls of vulnerability
 s - 3 scrolls of fear
 t - 17 scrolls of teleportation
 u - 9 scrolls of fog
 y - 12 scrolls of poison
 z - 7 scrolls of blinking
 G - 3 scrolls of revelation
 J - 2 scrolls of immolation
Potions
 d - 4 potions of might
 h - 10 potions of haste
 n - 7 potions of resistance
 o - 3 potions of enlightenment
 q - 20 potions of curing
 w - 14 potions of heal wounds
 C - 2 potions of magic
 D - 25 potions of mutation
 M - 5 potions of invisibility
 P - 5 potions of ambrosia
 R - 6 potions of lignification
 S - 3 potions of attraction
 T - 3 potions of berserk rage
Miscellaneous
 j - a tin of tremorstones (1/2)
   (You found it on level 5 of the Vaults)
 W - a phial of floods
   (You found it on level 5 of the Lair of Beasts)


   Skills:
 + Level 20.6 Fighting
 - Level 20.0 Dodging
 - Level 15.0 Shields
 + Level 20.6 Unarmed Combat
 - Level 12.0 Invocations
 O Level 27 Shapeshifting


You had 26 spell levels left.
You didn't know any spells.
Your spell library contained the following spells:

 Spells                   Type           Power      Damage    Failure   Level
 Apportation              Tloc           0%         N/A       32%         1
 Foxfire                  Conj/Fire      0%         2x1d4     32%         1
 Freeze                   Ice            0%         1d3       32%         1
 Magic Dart               Conj           0%         1d3       32%         1
 Necrotise                Necr           0%         1d4       32%         1
 Sandblast                Erth           0%         2d4       32%         1
 Sting                    Tmut/Pois      0%         1d3       32%         1
 Cigotuvi's Dreadful Rot  Necr/Pois/Air  0%         N/A       45%         2
 Ensorcelled Hibernation  Hex/Ice        0%         N/A       45%         2
 Jinxbite                 Hex            0%         N/A       45%         2
 Lesser Beckoning         Tloc           0%         N/A       45%         2
 Passwall                 Tmut/Erth      0%         N/A       45%         2
 Poisonous Vapours        Pois/Air       0%         N/A       45%         2
 Scorch                   Fire           0%         2d5       45%         2
 Searing Ray              Conj           0%         2d4       45%         2
 Wereblood                Tmut           0%         N/A       45%         2
 Dazzling Flash           Conj/Hex       0%         N/A       69%         3
 Frozen Ramparts          Ice            0%         1d1       69%         3
 Gell's Gravitas          Tloc           0%         N/A       69%         3
 Hailstorm                Conj/Ice       0%         3d3       69%         3
 Ignite Poison            Fire/Tmut/Pois 0%         N/A       69%         3
 Sigil of Binding         Hex            0%         N/A       69%         3
 Stone Arrow              Conj/Erth      0%         3d7       69%         3
 Teleport Other           Tloc           0%         N/A       69%         3
 Volatile Blastmotes      Fire/Tloc      0%         2d10      69%         3
 Anguish                  Hex/Necr       0%         N/A       97%         4
 Brom's Barrelling Bould  Conj/Erth      0%         2d3       97%         4
 Dimensional Bullseye     Hex/Tloc       0%         N/A       97%         4
 Dispel Undead            Necr           0%         3d6       97%         4
 Flame Wave               Conj/Fire      0%         2d4       97%         4
 Fulminant Prism          Conj/Hex       0%         3d5       97%         4
 Iskenderun's Mystic Bla  Conj/Tloc      0%         2d3       97%         4
 Leda's Liquefaction      Hex/Erth       0%         N/A       97%         4
 Manifold Assault         Tloc           0%         N/A       97%         4
 Olgreb's Toxic Radiance  Pois           0%         N/A       97%         4
 Petrify                  Tmut/Erth      0%         N/A       97%         4
 Vhi's Electric Charge    Tloc/Air       0%         N/A       97%         4
 Agony                    Necr           0%         N/A       100%        5
 Alistair's Intoxication  Tmut/Pois      0%         N/A       100%        5
 Arcjolt                  Conj/Air       0%         1d10      100%        5
 Freezing Cloud           Conj/Ice/Air   0%         6-21      100%        5
 Irradiate                Conj/Tmut      0%         3d11      100%        5
 Iskenderun's Battlesphe  Conj           0%         2d6       100%        5
 Lee's Rapid Deconstruct  Erth           0%         3d4*      100%        5
 Bombard                  Conj/Erth      0%         9d1       100%        6
 Dispersal                Tloc           0%         N/A       100%        6
 Eringya's Noxious Bog    Tmut/Pois      0%         4d6       100%        6
 Plasma Beam              Fire/Air       0%         2x1d10    100%        6
 Starburst                Conj/Fire      0%         6d3       100%        6
 Discord                  Hex            0%         N/A       100%        8
 Disjunction              Tloc           0%         N/A       100%        8
 Ignition                 Fire           0%         3d3       100%        8
 Maxwell's Capacitive Co  Air            0%         ∞         100%        8
 Polar Vortex             Ice            0%         N/A       100%        9
 Summon Small Mammal      Summ           Unusable   N/A       N/A         1
 Call Canine Familiar     Summ           Unusable   N/A       N/A         3
 Animate Armour           Summ/Erth      Unusable   N/A       N/A         4
 Summon Lightning Spire   Summ/Air       Unusable   N/A       N/A         4
 Death Channel            Necr           Unusable   N/A       N/A         6
 Simulacrum               Ice/Necr       Unusable   N/A       N/A         6
 Summon Cactus Giant      Summ           Unusable   N/A       N/A         6
 Spellforged Servitor     Conj/Summ      Unusable   N/A       N/A         7

Dungeon Overview and Level Annotations

Branches:
Dungeon (15/15)            Temple (0/1) D:5            Lair (5/5) D:9
 Shoals (4/4) Lair:2       Spider (4/4) Lair:3        Slime (0/5) Lair:5
    Orc (2/2) D:11            Elf (0/3) Orc:2        Vaults (5/5) D:14
  Crypt (0/3) Vaults:3     Depths (4/4) D:15            Zot (5/5) Depths:4
 WizLab (visited)         Gauntlet (visited)

Altars:
Cheibriados
Dithmenos
Fedhas
Hepliaklqana
Kikubaaqudgha
Makhleb
Okawaru
Qazlal
Uskayaw
Zin
The Shining One

Shops:
D:1 :(   Orc:1 (   Orc:2 (==(   Shoals:2 (   Vaults:1 [   Vaults:2 *[[*!
Vaults:4 (   Depths:1 :=:   Depths:2 *   Depths:4 ?(

Portals:
Hell: Depths:1 Depths:2 Depths:3 Depths:4
Abyss: Depths:2 Depths:3 Depths:4
Pandemonium: Depths:2
Ziggurat: Depths:1
Trove: Depths:1 (give 13 potions of heal wounds)

Annotations:
D:8 4 exclusions
D:10 3 runed translucent doors, Dirtsage's ghost, journeyman DsBe
D:13 Erolcha
Lair:3 exclusion: oklob plant
Spider:2 1 transporter, Xavier147's ghost, journeyman TeHu
Vaults:4 1 runed translucent door, Kamets Paeg's ghost, master HuCj
Depths:4 2 transporters


Innate Abilities, Weirdness & Mutations

You are a lightning-filled tempest!
Your electrical attacks strike out in all directions at once.
You are incredibly evasive.
Your insubstantial body is immune to petrification, constriction, and being set on fire You are flying.
Your armour is entirely melded.
You are incapable of wielding weapons or throwing items.
You cannot wear most types of armour.
You are amphibious.
You can wear up to eight rings at the same time.
You are immune to poison.
((Your skin changes colour to match your surroundings (Stealth+).))
((Your rubbery body absorbs attacks. (AC +1, EV +1)))
((You are camouflaged when in or above water. (Stealth+)))
((You have tentacles for arms and can constrict up to eight enemies at once.))
((You are partially covered in iridescent scales. (AC +2)))
((You are resistant to electric shocks. (rElec)))


Message History

Okawaru accepts your kill.
You blast the yak!!!!
You kill the yak!
Okawaru accepts your kill.
You barely miss the yak.
You blast the yak!!!!
You kill the yak!
Okawaru accepts your kill.
You batter the yak!!
The yak is severely wounded.
You blast the yak!!!!
You kill the yak!
Okawaru accepts your kill. The yak misses you.
You blast the yak!!!!!
You kill the yak!
Okawaru accepts your kill.
You buffet the death yak!
The death yak completely misses you.
You barely miss the death yak.
The death yak is lightly wounded.
You blast the death yak!!!!
You kill the death yak!
Okawaru accepts your kill.
You blast the yak!!!
You kill the yak!
Okawaru accepts your kill.
You blast the yak!!!!
You kill the yak!
Okawaru accepts your kill.
No target in view!
No target in view!
There is a stone staircase leading up here.
You fly upwards.
Level annotation: 4 exclusions
There is a stone staircase leading down here.
You see here 3 stones.
There is a stone staircase leading up here.
You fly upwards.
There is a stone staircase leading down here.
A reaper comes into view.
It is wielding a +2 scythe of distortion.
There is a stone staircase leading up here.
The reaper completely misses you. The reaper completely misses you.
You see here a +3 plate armour.
You closely miss the reaper. You punch the reaper!!
The reaper is moderately wounded.
You batter the reaper!! You punch the reaper!!
The reaper is almost dead.
The reaper completely misses you.
You blast the reaper!!!!
You kill the reaper!
Okawaru accepts your kill.
You see here a +2 scythe of distortion.
There is a stone staircase leading up here.
You fly upwards.
There is a stone staircase leading down here.
There is a stone staircase leading up here.
You fly upwards.
There is a stone staircase leading down here.
There is a stone staircase leading up here.
You fly upwards.
There is a stone staircase leading down here.
A reaper comes into view. It is wielding a +3 vampiric scythe.
The reaper completely misses you. The reaper closely misses you.
You blast the reaper!!!
You punch the reaper!
You kill the reaper!
Okawaru accepts your kill.
No target in view!
You see here a +0 long sword.
There is a stone staircase leading up here.
You fly upwards.
There is a stone staircase leading down here.
There is a stone staircase leading up here.
You fly upwards.
There is a stone staircase leading down here.
There is a stone staircase leading up here.
You fly upwards.
There is a stone staircase leading down here.
A hell beast comes into view.
You blast the hell beast!!!
Lightning courses through the hell beast!!
The hell beast is severely wounded.
You hear a chilling moan.
You closely miss the hell beast.
The hell beast is severely wounded.
The hell beast completely misses you. The hell beast closely misses you.
You batter the hell beast!! You punch the hell beast.
You kill the hell beast!
Okawaru accepts your kill.
No target in view!
There is a staircase leading out of the dungeon here.
You are a lightning-filled tempest!
You are flying.
You are studying Polearms.
Your flying speed is average.
Your attack delay is about 0.6.
Your damage rating with unarmed combat is about 134 (Base [33 + 20 (UC)] x 182% (Str) x 134% (Fight) + 5 (Slay)).
Your base attributes are Str 20, Int 12, Dex 19.
Unknown command.
Enter note: 134 base damage
Enter note: gg You have escaped!

#.# #......#.# #. #.#
#..##..#.# #. #####.#
#..##.÷#.# #. #.....#
##......#.###. #.#####
###.......#..##. #.##.#
###.........##.### #....#
#......###.÷...# ######.#
#....### ##....# #......###
#v...## ####.#
#.###....####....## #..#
#.###.##.#..#.....### #.##
#.#.#....#..###.....# #.#
#.#.######..# ###...# #.#
#...# #..# #...# ##.####
###.## #..# ##...# #......
#....#####..####....###.#...#
#.#...........#..##..##.###..


There were no monsters in sight!

Vanquished Creatures
  5 dread liches
  Mara (Arena)
  Mennas (Depths:4)
  4 orbs of fire (Zot:5)
  4 ancient liches
  A juggernaut (Depths:3)
  Sojobo (Depths:4)
  Josephina (Arena)
  5 Killer Klowns
  Bai Suzhen (Vaults:4)
  Vv (Depths:3)
  3 caustic shrikes
  Xtahua (Vaults:2)
  10 golden dragons
  6 curse toes
  Nikola (Spider:3)
  3 bone dragons (Abyss:3)
  A mutant beast (WizLab)
  2 electric golems (Zot:5)
  the Enchantress (Depths:4)
  Jorgrun (Spider:1)
  22 tentacled monstrosities
  3 liches
  3 walking earthen tomes
  9 titans
  25 Orb Guardians (Zot:5)
  Polyphemus (Shoals:2)
  6 sphinxes
  3 quicksilver dragons
  10 death cobs
  4 tentacled starspawn (Abyss:3)
  Kirke (Shoals:2)
  14 shadow dragons
  18 storm dragons
  11 tengu reavers
  7 draconian monks
  A fenstrider witch (Shoals:3)
  A daeva (Abyss:3)
  8 draconian knights
  6 fire giants
  A deep elf sorcerer (Vaults:5)
  16 frost giants
  15 vault wardens
  6 draconian scorchers
  7 emperor scorpions
  A balrug (Abyss:3)
  10 ghost moths
  A deep elf elementalist (Abyss:3)
  6 draconian shifters
  Louise (Spider:3)
  3 iron dragons (Depths:4)
  An orc warlord (Vaults:3)
  3 reapers
  6 draconian stormcallers
  4 spriggan defenders
  5 draconian annihilators
  10 very ugly things
  2 war gargoyles
  9 ironbound thunderhulks
  7 formless jellyfish
  13 stone giants
  20 ironbound preservers
  7 broodmothers
  A vampire knight (Depths:4)
  7 black draconians
  5 green draconians
  6 red draconians
  8 dire elephants
  11 purple draconians
  3 deep elf annihilators (Vaults:5)
  2 spark wasps
  12 yellow draconians
  8 white draconians
  A minotaur (Gauntlet)
  A deep elf death mage (Depths:4)
  A bunyip (shapeshifter) (Depths:4)
  4 crystal guardians
  3 fire dragons
  4 merfolk javelineers
  15 merfolk impalers
  6 entropy weavers
  12 ettins
  A jiangshi (Vaults:3)
  10 yaktaur captains
  Harold (Lair:1)
  A deep elf high priest (Vaults:5)
  2 hell beasts
  5 rakshasas
  5 great orbs of eyes
  A caustic shrike simulacrum (Depths:3)
  4 spriggan air magi
  32 vault guards
  3 hydras
  2 ghost crabs (Spider:4)
  10 ice dragons
  A death knight (D:13)
  An alligator snapping turtle (Shoals:4)
  3 radroaches (Spider:3)
  3 ogre magi
  2 jorogumos
  5 catoblepae
  4 peacekeepers
  4 ironbound frosthearts
  An anaconda (shapeshifter) (Vaults:3)
  16 two-headed ogres
  5 boulder beetles
  2 merfolk avatars
  2 merfolk aquamancers (Shoals:4)
  A two-headed ogre (shapeshifter) (Vaults:5)
  6 deep troll shamans
  14 centaur warriors
  2 satyrs (Shoals:4)
  10 deep troll earth magi
  4 hell hogs
  3 vampire magi
  18 death yaks
  7 tengu warriors
  8 demonic crawlers
  3 thrashing horrors (Abyss:3)
  4 spriggan berserkers
  A naga sharpshooter (Depths:4)
  A soul eater (Depths:2)
  5 sun demons (Abyss:3)
  Sonja (Lair:4)
  4 hell knights
  A storm dragon zombie (Vaults:3)
  A sixfirhy (Zot:4)
  A wretched star (Abyss:3)
  A sun moth (Spider:4)
  A quicksilver dragon simulacrum (Depths:2)
  75 deep trolls
  7 skysharks
  A glowing orange brain (shapeshifter) (Vaults:1)
  A glowing orange brain (Depths:1)
  10 sea snakes
  6 skeletal warriors (D:15)
  5 iron trolls
  7 pharaoh ants
  A flayed ghost (Vaults:3)
  9 orb spiders
  An obsidian statue (Zot:5)
  7 spatial maelstroms (Abyss:3)
  A shadow demon (Abyss:3)
  An orb spider (shapeshifter) (Depths:4)
  A lindwurm (Vaults:1)
  2 tengu zombies
  16 ironbound convokers
  10 wizards
  7 necromancers
  7 orc knights
  2 deep elf pyromancers
  A shadow dragon zombie (Vaults:4)
  4 phantasmal warriors
  A mana viper (shapeshifter) (Depths:2)
  18 harpies
  19 wolf spiders
  A sphinx simulacrum (Depths:3)
  8 steelbarb worms
  A cyclops (shapeshifter) (WizLab)
  12 manticores
  4 fauns (Shoals:2)
  An orc sorcerer (Orc:1)
  28 moths of wrath
  A frost giant skeleton (Vaults:4)
  33 ugly things
  18 cyclopes
  4 worldbinders (Abyss:3)
  6 elephants
  4 merfolk sirens
  9 vault sentinels
  6 centaur zombies (D:15)
  2 guardian serpents (Depths:4)
  A gargoyle (D:12)
  4 black mambas
  2 human skeletons
  13 water nymphs
  3 smoke demons (Abyss:3)
  An apocalypse crab (Abyss:3)
  9 cane toads
  An orange demon (Abyss:3)
  A cane toad (shapeshifter) (WizLab)
  7 komodo dragons
  A minotaur zombie (Gauntlet)
  A guardian serpent (shapeshifter) (WizLab)
  An unseen horror (D:12)
  An unseen horror (shapeshifter) (WizLab)
  A golden dragon simulacrum (Depths:3)
  5 torpor snails
  A hellion (D:10)
  A kobold demonologist (D:11)
  A yaktaur (shapeshifter) (WizLab)
  A rime drake (shapeshifter) (WizLab)
  2 rime drakes (Lair:4)
  2 freezing wraiths (Vaults:5)
  3 ancient zymes (Abyss:3)
  6 tengu conjurers
  34 yaktaurs
  2 tormentors
  A burning bush (Lair:1)
  A hellwing (Depths:2)
  3 queen bees (shapeshifter) (WizLab)
  2 meliai (shapeshifter) (WizLab)
  11 wind drakes
  A polar bear (Lair:4)
  12 trolls
  23 merfolk
  2 polar bears (shapeshifter) (WizLab)
  2 hornets (shapeshifter)
  2 trolls (shapeshifter) (WizLab)
  14 blink frogs
  A tarantella (shapeshifter) (WizLab)
  7 hornets
  Grinder (D:6)
  2 blink frogs (shapeshifter)
  10 raiju
  5 tyrant leeches (Spider:4)
  17 tarantellas
  An elf zombie (Vaults:3)
  A raiju (shapeshifter) (WizLab)
  7 dream sheep
  4 snapping turtles
  23 jumping spiders
  16 slime creatures
  3 ynoxinuls (Abyss:3)
  A centaur simulacrum (D:15)
  8 air elementals (Shoals:4)
  2 spriggans (Depths:3)
  4 spriggans (shapeshifter) (WizLab)
  2 shadows (D:15)
  18 culicivoras
  5 vampires
  24 water elementals
  7 wyverns
  13 large abominations
  A hog (shapeshifter) (WizLab)
  72 yaks
  A fire elemental (Abyss:3)
  2 yaks (shapeshifter) (WizLab)
  A basilisk (shapeshifter) (WizLab)
  A golden eye (Abyss:3)
  9 starcursed masses (Abyss:3)
  A steam dragon (D:9)
  2 wraiths
  9 basilisks
  5 humans (Shoals:2)
  47 redbacks
  16 vampire mosquitoes
  An iron golem (WizLab)
  13 spatial vortices (Abyss:3)
  3 wargs
  A naga (shapeshifter) (WizLab)
  4 acid dragons
  11 water moccasins
  6 floating eyes
  2 sky beasts
  15 orc warriors
  3 ice beasts
  23 ogres
  2 black bears
  A black bear (shapeshifter) (D:9)
  A hornet zombie (D:15)
  An elf simulacrum (Vaults:4)
  3 centaurs
  2 boggarts (Vaults:2)
  6 wolves
  Blork the orc (D:6)
  2 kobold brigands
  21 bullfrogs
  7 scorpions
  A glowing shapeshifter simulacrum (Depths:3)
  2 gnoll sergeants
  6 killer bees
  4 electric eels
  8 howler monkeys
  5 hounds
  10 orc priests
  4 jellies
  2 gnoll boudas
  An iron imp (Abyss:3)
  A sleepcap (D:6)
  3 iguanas
  23 orc wizards
  5 hell rats (Lair:3)
  2 lightning spires (Gauntlet)
  12 small abominations
  7 adders
  17 gnolls
  3 shadow imps
  4 white imps
  An ufetubus (Abyss:3)
  3 worms
  3 dart slugs
  62 orcs
  6 endoplasms
  4 giant cockroaches
  5 goblins
  6 hobgoblins
  5 jackals
  5 quokkas
  7 ball pythons
  4 bats (D:1)
  5 frilled lizards
  12 kobolds
  4 rats
  A butterfly (Lair:2)
  8 starspawn tentacles (Abyss:3)
1970 creatures vanquished.

Vanquished Creatures (others)
  A boulder beetle (Spider:3)
  A tarantella (Spider:4)
  A boggart (Vaults:2)
  A lurking horror (Abyss:3)
  6 starspawn tentacles (Abyss:3)
10 creatures vanquished.

Grand Total: 1980 creatures vanquished

Notes
Turn   | Place    | Note
-------+----------+-------------------------------------------
     0 | D:1      | Flugkiller the Octopode Shapeshifter began the quest for
                  | the Orb.
     0 | D:1      | Reached XP level 1. HP: 13/13 MP: 1/1
   220 | D:1      | Reached XP level 2. HP: 19/19 MP: 2/2
   226 | D:1      | Found Joarah's Book Boutique.
   374 | D:1      | Found Uplewn's Weapon Boutique.
   773 | D:2      | Reached XP level 3. HP: 16/25 MP: 3/3
  1096 | D:2      | Found an iron altar of Okawaru.
  1150 | D:2      | Became a worshipper of Warmaster Okawaru
  1192 | D:2      | Reached XP level 4. HP: 31/31 MP: 4/4
  2223 | D:4      | Found the +8 orange crystal plate armour {Archmagi, Int+3
                  | Clar}
  2348 | D:4      | Reached XP level 5. HP: 26/36 MP: 5/5
  2391 | D:4      | Noticed a black bear
  2403 | D:4      | Killed a black bear
  2404 | D:4      | Reached skill level 5 in Unarmed Combat
  2404 | D:4      | Reached XP level 6. HP: 24/42 MP: 6/6
  3033 | D:5      | Entered Level 5 of the Dungeon
  3126 | D:5      | Found a staircase to the Ecumenical Temple.
  3466 | D:5      | Reached skill level 5 in Dodging
  3590 | D:5      | Reached XP level 7. HP: 37/46 MP: 7/7
  3736 | D:5      | Found a stormy altar of Qazlal.
  3738 | D:5      | Found a glowing golden altar of the Shining One.
  4175 | D:6      | Noticed Blork the orc
  4299 | D:6      | Reached * piety under Okawaru
  4550 | D:6      | Reached skill level 1 in Invocations
  4570 | D:6      | Noticed Grinder
  4591 | D:6      | Killed Grinder
  4592 | D:6      | Reached XP level 8. HP: 43/54 MP: 7/10
  4722 | D:6      | Reached skill level 4 in Shapeshifting
  4951 | D:6      | Noticed a hornet
  4959 | D:6      | Reached skill level 5 in Fighting
  4965 | D:6      | Killed a hornet
  4966 | D:6      | Reached skill level 5 in Shapeshifting
  4967 | D:6      | Reached ** piety under Okawaru
  5002 | D:6      | Reached XP level 9. HP: 30/61 MP: 11/11
  5482 | D:6      | Killed Blork the orc
  5921 | D:6      | Reached *** piety under Okawaru
  5922 | D:6      | Reached skill level 6 in Shapeshifting
  6046 | D:7      | Found a burning altar of Makhleb.
  6053 | D:7      | Found a glowing silver altar of Zin.
  6059 | D:7      | Found a hide-covered altar of Uskayaw.
  6066 | D:7      | Found a snail-covered altar of Cheibriados.
  6072 | D:7      | Found an iron altar of Okawaru.
  6083 | D:7      | Found a hazy altar of Hepliaklqana.
  6091 | D:7      | Found a blossoming altar of Fedhas.
  6167 | D:7      | Noticed a hornet
  6278 | D:7      | Reached skill level 7 in Shapeshifting
  6586 | D:7      | Killed a hornet
  6619 | D:7      | You fall into a shaft and drop 2 floors!
  6657 | D:9      | Noticed a two-headed ogre
  6697 | D:8      | Identified the +1 dagger of Xylomuilu {heavy, rC+ Str+2}
  6913 | D:7      | Reached **** piety under Okawaru
  7183 | D:7      | Reached XP level 10. HP: 40/69 MP: 12/12
  8310 | D:8      | Noticed a two-headed ogre
  8321 | D:8      | Killed a two-headed ogre
  8321 | D:8      | Reached ***** piety under Okawaru
  8768 | D:8      | Noticed a lindwurm
  8873 | D:9      | Killed a two-headed ogre
  9065 | D:9      | Reached skill level 10 in Dodging
  9132 | D:9      | Reached XP level 11. HP: 77/77 MP: 10/13
  9444 | D:9      | Noticed a boulder beetle
  9520 | D:9      | Killed a boulder beetle
  9781 | D:9      | Found a staircase to the Lair.
  9898 | D:9      | Noticed a death yak
 10233 | D:10     | Entered Level 10 of the Dungeon
 10306 | D:9      | Reached skill level 8 in Shapeshifting
 10600 | D:10     | Received a gift from Okawaru
 10990 | D:10     | Found a runed translucent gate.
 10990 | D:10     | Found a runed translucent gate.
 10992 | D:10     | Found a runed translucent gate.
 11001 | D:10     | Noticed Dirtsage's ghost (journeyman DsBe)
 11001 | D:10     | Noticed a two-headed ogre
 11003 | D:10     | Noticed a centaur warrior
 11156 | D:10     | Reached skill level 1 in Shields
 11445 | D:10     | Reached XP level 12. HP: 87/87 MP: 14/14
 11631 | D:11     | Found a staircase to the Orcish Mines.
 11760 | D:11     | Noticed a two-headed ogre
 11775 | D:11     | Killed a two-headed ogre
 11790 | D:11     | Received a gift from Okawaru
 11836 | D:11     | Reached skill level 10 in Fighting
 11839 | D:11     | Reached skill level 10 in Unarmed Combat
 11850 | D:11     | Reached skill level 9 in Shapeshifting
 12588 | D:11     | Noticed a boulder beetle
 12607 | D:11     | Killed a boulder beetle
 12793 | Lair:1   | Entered Level 1 of the Lair of Beasts
 12836 | Lair:1   | Reached skill level 5 in Shields
 12887 | Lair:1   | Received a gift from Okawaru
 12942 | Lair:1   | Reached skill level 10 in Shapeshifting
 12952 | Lair:1   | Found a gate leading to a gauntlet.
 12966 | Gauntlet | Entered a Gauntlet
 12966 | Gauntlet | Found a transporter.
 12966 | Gauntlet | Found a transporter.
 13015 | Gauntlet | Noticed a death scarab
 13155 | Gauntlet | Found a transporter.
 13170 | Gauntlet | Found a transporter.
 13172 | Gauntlet | Noticed a quicksilver ooze
 13186 | Gauntlet | Found a transporter.
 13197 | Gauntlet | Found a transporter.
 13292 | Gauntlet | Found a transporter.
 13302 | Gauntlet | Found a transporter.
 13306 | Gauntlet | Noticed a quicksilver ooze
 13316 | Gauntlet | Found a transporter.
 13329 | Gauntlet | Found a transporter.
 13331 | Gauntlet | Noticed a great orb of eyes
 13345 | Gauntlet | Found a transporter.
 13412 | Gauntlet | Found a transporter.
 13420 | Gauntlet | Noticed a death yak
 13420 | Gauntlet | Noticed a death yak
 13421 | Gauntlet | Noticed a death yak
 13422 | Gauntlet | Found a transporter.
 13422 | Gauntlet | Noticed a death yak
 13423 | Gauntlet | Noticed a death yak
 13424 | Gauntlet | Noticed a death yak
 13429 | Gauntlet | Found a transporter.
 13430 | Gauntlet | Found a transporter.
 13464 | Gauntlet | Found a transporter.
 13549 | Gauntlet | Identified the ring "Coats" {rPois Int+6}
 13557 | Gauntlet | Killed a death yak
 13565 | Gauntlet | Killed a death yak
 13574 | Gauntlet | Killed a death yak
 13575 | Gauntlet | Reached skill level 11 in Shapeshifting
 13853 | Gauntlet | Noticed a minotaur
 13866 | Gauntlet | Killed a minotaur
 13869 | Gauntlet | Identified the +2 pair of boots of Gluttony {rC- rN+ Will+
                  | Int+3}
 13869 | Gauntlet | Identified the ring of Cah Kude {rC- rCorr AC+4 Str+9}
 14009 | Lair:1   | Reached skill level 5 in Invocations
 14009 | Lair:1   | Reached XP level 13. HP: 89/92 MP: 16/16
 14946 | Lair:1   | Noticed Harold
 14957 | Lair:1   | Killed Harold
 15463 | Lair:2   | Found a staircase to the Shoals.
 15995 | Lair:2   | Received a gift from Okawaru
 16002 | Lair:2   | Reached skill level 12 in Shapeshifting
 16985 | Lair:3   | Reached ****** piety under Okawaru
 17036 | Lair:3   | Acquired a +6 quick blade of draining
 17036 | Lair:3   | Received a gift from Okawaru
 17037 | Lair:3   | Acquired the +0 kite shield "Ogosiw" {Regen+ rCorr Str+4}
 17037 | Lair:3   | Received a gift from Okawaru
 17103 | Lair:3   | Reached skill level 13 in Shapeshifting
 17109 | Lair:3   | Received a gift from Okawaru
 17466 | Lair:3   | Reached XP level 14. HP: 71/99 MP: 18/20
 17575 | Lair:3   | Reached skill level 14 in Shapeshifting
 17576 | Lair:3   | Received a gift from Okawaru
 17600 | Lair:3   | Found a hole to the Spider Nest.
 18178 | Lair:4   | Noticed Sonja
 18877 | Lair:4   | Killed Sonja
 18919 | Lair:5   | Entered Level 5 of the Lair of Beasts
 19108 | Lair:5   | Found a staircase to the Slime Pits.
 19439 | Lair:5   | Reached skill level 15 in Shapeshifting
 19556 | Lair:5   | Received a gift from Okawaru
 20581 | Lair:5   | Received a gift from Okawaru
 20582 | Lair:5   | Reached skill level 16 in Shapeshifting
 22112 | D:13     | Identified a scroll of acquirement
 22116 | D:13     | Acquired the +5 tower shield of Gestures {rC+ Stlth+}
 22650 | D:13     | Received a gift from Okawaru
 22745 | D:13     | Reached XP level 15. HP: 90/103 MP: 21/21
 22907 | D:13     | Noticed Erolcha
 23767 | D:14     | Reached skill level 10 in Shields
 24032 | D:14     | Found a gate to the Vaults.
 24251 | D:15     | Entered Level 15 of the Dungeon
 24297 | D:15     | Received a gift from Okawaru
 24422 | D:15     | Received a gift from Okawaru
 24477 | D:15     | Found a staircase to the Depths.
 24680 | D:15     | Found a shadowy altar of Dithmenos.
 24813 | D:15     | Received a gift from Okawaru
 25100 | Orc:1    | Entered Level 1 of the Orcish Mines
 25441 | Orc:1    | Found Asar's Weapon Shoppe.
 25538 | Orc:2    | Entered Level 2 of the Orcish Mines
 25739 | Orc:2    | Found a staircase to the Elven Halls.
 25893 | Orc:2    | Reached XP level 16. HP: 112/112 MP: 22/22
 25918 | Orc:2    | Received a gift from Okawaru
 25965 | Orc:2    | Found Zougaf's Antique Weapon Shoppe.
 25970 | Orc:2    | Found Kuerouf's Jewellery Boutique.
 25980 | Orc:2    | Found Dizxigyr's Jewellery Emporium.
 25981 | Orc:2    | Found Fuesuacowo's Weapon Emporium.
 25983 | Orc:2    | Bought a +6 ring of strength for 468 gold pieces
 25983 | Orc:2    | Bought a +6 ring of dexterity for 468 gold pieces
 26430 | Spider:1 | Entered Level 1 of the Spider Nest
 26430 | Spider:1 | Noticed Jorgrun
 26433 | Spider:1 | Killed Jorgrun
 26779 | Spider:1 | Received a gift from Okawaru
 27465 | Spider:2 | Found a transporter.
 27482 | Spider:2 | Noticed Xavier147's ghost (journeyman TeHu)
 27583 | Spider:2 | Acquired the +10 kite shield of Contumacious the Good
                  | {Int+3}
 27621 | Spider:2 | Received a gift from Okawaru
 27685 | Spider:2 | You fall into a shaft and drop 1 floor!
 27857 | Spider:3 | Gained mutation: You are clumsy. (Dex -2) [mutagenic glow]
 27932 | Spider:3 | Reached XP level 17. HP: 121/121 MP: 23/23
 28010 | Spider:3 | Noticed Louise
 28015 | Abyss:3  | Cast into level 3 of the Abyss (Louise)
 28069 | Abyss:3  | Noticed a tentacled starspawn
 28091 | Abyss:3  | Killed a tentacled starspawn
 28109 | Abyss:3  | Noticed a tentacled starspawn
 28126 | Abyss:3  | Killed a tentacled starspawn
 28126 | Abyss:3  | Received a gift from Okawaru
 28180 | Abyss:3  | Noticed a tentacled starspawn
 28186 | Abyss:3  | Killed a tentacled starspawn
 28235 | Spider:3 | Escaped the Abyss
 28242 | Spider:3 | Killed Louise
 28251 | Spider:3 | Noticed Nikola
 28258 | Spider:3 | Killed Nikola
 28380 | Spider:3 | Identified the +0 scale mail of Summertime {Str+3}
 28400 | Spider:3 | Received a gift from Okawaru
 28890 | Spider:4 | Entered Level 4 of the Spider Nest
 28963 | Spider:4 | Identified the +0 chain mail of Noon {*Slow Will- Str+8}
 29371 | Spider:4 | Received a gift from Okawaru
 29483 | Spider:4 | Reached XP level 18. HP: 129/129 MP: 24/24
 29676 | Spider:4 | Got a gossamer rune of Zot
 30144 | Shoals:1 | Entered Level 1 of the Shoals
 30210 | Shoals:1 | Received a gift from Okawaru
 30424 | Shoals:1 | Identified the +6 flail "Zaem Puext" {flame, rF+ rN+++
                  | Will- rCorr}
 31168 | Shoals:2 | Found Virabb's Firing Range.
 31269 | Shoals:2 | Noticed Kirke
 31270 | Shoals:2 | Noticed Polyphemus
 31286 | Shoals:2 | Killed Polyphemus
 31296 | Shoals:2 | Killed Kirke
 31668 | Shoals:3 | Received a gift from Okawaru
 31693 | Shoals:3 | Paralysed by a fenstrider witch for 5 turns
 32354 | Shoals:4 | Entered Level 4 of the Shoals
 32367 | Shoals:4 | Paralysed by an air elemental for 1 turns
 32531 | Shoals:4 | Paralysed by an air elemental for 1 turns
 32535 | Shoals:4 | Paralysed by an air elemental for 1 turns
 32555 | Shoals:4 | Received a gift from Okawaru
 32614 | Shoals:4 | Noticed a titan
 32622 | Shoals:4 | Killed a titan
 32623 | Shoals:4 | Reached XP level 19. HP: 138/138 MP: 25/25
 32649 | Shoals:4 | Got a barnacled rune of Zot
 32652 | Shoals:4 | Identified the +1 scimitar of Prudence {protect, MP+9
                  | Stlth+}
 32719 | Shoals:4 | Paralysed by an air elemental for 1 turns
 32726 | Shoals:4 | Paralysed by an air elemental for 1 turns
 32730 | Shoals:4 | Paralysed by an air elemental for 1 turns
 32849 | Shoals:4 | Received a gift from Okawaru
 32851 | Shoals:4 | Paralysed by an air elemental for 1 turns
 32859 | Shoals:4 | Reached skill level 15 in Unarmed Combat
 32859 | Shoals:4 | Paralysed by an air elemental for 1 turns
 32870 | Shoals:4 | Reached skill level 15 in Dodging
 32872 | Shoals:4 | Reached skill level 15 in Fighting
 32879 | Shoals:4 | Reached skill level 15 in Shields
 33292 | Vaults:1 | Entered Level 1 of the Vaults
 33467 | Orc:2    | Bought a storm talisman for 1250 gold pieces
 33915 | Vaults:1 | Found Ylallemo's Armour Emporium.
 33973 | Vaults:1 | Received a gift from Okawaru
 34003 | Arena    | Entered the Arena
 34353 | Vaults:1 | Reached skill level 17 in Shapeshifting
 34714 | Vaults:1 | Got a vibrating book
 34754 | Vaults:2 | Found Uneet's Armour Emporium.
 34761 | Vaults:2 | Noticed Xtahua
 34767 | Vaults:2 | Paralysed by Xtahua for 5 turns
 34772 | Vaults:2 | Killed Xtahua
 34788 | Vaults:2 | Received a gift from Okawaru
 34798 | Vaults:2 | Found Locud's Armour Shop.
 34914 | Vaults:2 | Found Modal's Assorted Antiques.
 34922 | Vaults:2 | Bought a fine glass ring for 180 gold pieces
 34922 | Vaults:2 | Identified the ring "Tomeky" {rPois rF- MP+9 Dex+5} (You
                  | bought it in a shop on level 2 of the Vaults)
 35042 | Vaults:2 | Reached skill level 18 in Shapeshifting
 35122 | Vaults:2 | Reached XP level 20. HP: 132/145 MP: 19/26
 35212 | Vaults:2 | Received a gift from Okawaru
 35242 | Vaults:2 | Found Icvoegu's Distillery.
 35410 | Vaults:2 | Found Kuolapha's General Store.
 35422 | Vaults:2 | Bought a potion of curing for 57 gold pieces
 35422 | Vaults:2 | Bought a potion of haste for 190 gold pieces
 35422 | Vaults:2 | Bought a potion of heal wounds for 95 gold pieces
 35422 | Vaults:2 | Bought a scroll of teleportation for 57 gold pieces
 35422 | Vaults:2 | Bought a potion of mutation for 152 gold pieces
 35735 | Vaults:2 | Bought a potion of resistance for 210 gold pieces
 35735 | Vaults:2 | Bought a potion of might for 84 gold pieces
 35787 | Vaults:2 | Reached skill level 19 in Shapeshifting
 36177 | Vaults:3 | Received a gift from Okawaru
 36386 | Vaults:3 | Received a gift from Okawaru
 36387 | Vaults:3 | Reached skill level 20 in Shapeshifting
 36720 | Vaults:3 | Found a staircase to the Crypt.
 36963 | Vaults:4 | Received a gift from Okawaru
 37104 | Vaults:4 | Reached XP level 21. HP: 151/151 MP: 27/27
 37144 | Vaults:4 | Reached skill level 21 in Shapeshifting
 37178 | Vaults:4 | Received a gift from Okawaru
 37552 | Vaults:4 | Found a runed translucent door.
 37552 | Vaults:4 | Noticed Kamets Paeg's ghost (master HuCj)
 37555 | Vaults:4 | Acquired a manual of Fighting
 37638 | Vaults:4 | Noticed Bai Suzhen
 37644 | Vaults:4 | Killed Bai Suzhen
 38060 | Vaults:4 | Found Wesimpif's Weapon Shop.
 38371 | Depths:1 | Entered Level 1 of the Depths
 38444 | Depths:1 | Received a gift from Okawaru
 38453 | Depths:1 | Reached skill level 22 in Shapeshifting
 38458 | Depths:1 | Found a blossoming altar of Fedhas.
 38500 | Depths:1 | Found a portal to a secret trove of treasure.
 38760 | Depths:1 | Found an ancient bone altar of Kikubaaqudgha.
 38802 | Depths:1 | Found Aggad's Book Boutique.
 38803 | Depths:1 | Found Kucav's Jewellery Shoppe.
 38804 | Depths:1 | Found Xeffonil's Book Boutique.
 38819 | Depths:1 | Bought a +6 ring of dexterity for 396 gold pieces
 38915 | Depths:1 | Found a gateway to Hell.
 39101 | Depths:1 | Found a one-way gateway to a ziggurat.
 39299 | Depths:2 | Found a magical portal.
 39315 | WizLab   | Entered Cigotuvi's Fleshworks
 39343 | WizLab   | Received a gift from Okawaru
 39444 | WizLab   | Got an innocuous book
 39630 | WizLab   | Reached skill level 23 in Shapeshifting
 39670 | WizLab   | Paralysed by a floating eye for 3 turns
 39697 | WizLab   | Identified the ring "Daifior" {rCorr Str+6}
 39949 | Depths:2 | Found a one-way gate leading to the halls of Pandemonium.
 40040 | Depths:2 | Found a one-way gate to the infinite horrors of the Abyss.
 40063 | Depths:2 | Reached XP level 22. HP: 69/158 MP: 28/28
 40427 | Depths:2 | Found Qutsudyd's Neck Hole.
 40733 | Depths:2 | Received a gift from Okawaru
 40797 | Depths:2 | Noticed a caustic shrike
 40799 | Depths:2 | Found the +5 robe of Night {Dark Will+ SInv}
 40804 | Depths:2 | Killed a caustic shrike
 41083 | Depths:3 | Noticed a caustic shrike
 41090 | Depths:3 | Killed a caustic shrike
 41612 | Depths:3 | Received a gift from Okawaru
 41652 | Depths:3 | Identified the ring "Lofon" {Ice rElec Will- Int+5}
 41652 | Depths:3 | Noticed Josephina
 41660 | Arena    | Entered the Arena
 41673 | Arena    | Killed Josephina
 41699 | Depths:3 | Identified the +5 spear of Chance {freeze, rF+ Int+3}
 41794 | Depths:3 | Noticed a juggernaut
 41801 | Depths:3 | Killed a juggernaut
 41807 | Depths:3 | Identified the staff of the Lamprey {rPois rC+ Will+ Int+4
                  | Stlth+ Ice}
 41839 | Depths:3 | Noticed Vv
 41860 | Depths:3 | Killed Vv
 41873 | Depths:3 | Noticed a caustic shrike
 41880 | Depths:3 | Killed a caustic shrike
 42159 | Depths:3 | Noticed Mara
 42165 | Depths:3 | Noticed Flugkiller's illusion
 42168 | Arena    | Entered the Arena
 42174 | Arena    | Killed Mara
 42498 | Depths:3 | Received a gift from Okawaru
 42506 | Depths:3 | Identified the +4 great mace "Owkudi Azxo" {heavy, Fly rC+
                  | SInv}
 42848 | Depths:4 | Entered Level 4 of the Depths
 42880 | Depths:4 | Noticed Sojobo
 42887 | Depths:4 | Killed Sojobo
 42899 | Depths:4 | Identified the ring of the Purple Skies {Str+3 Int+6
                  | Slay+3}
 42950 | Depths:4 | Reached skill level 10 in Invocations
 43206 | Depths:2 | Bought the amulet "Livuugh" {Spirit Fly Regen+ Slay+5} for
                  | 1262 gold pieces
 43287 | Depths:4 | Reached XP level 23. HP: 158/171 MP: 26/30
 43323 | Depths:4 | Received a gift from Okawaru
 43339 | Depths:4 | Found a gate to the Realm of Zot.
 43502 | Depths:4 | Found a transporter.
 43524 | Depths:4 | Noticed Mennas
 43744 | Depths:4 | Paralysed by a floating eye for 2 turns
 43754 | Depths:4 | Found Lothrefua's Magic Scroll Emporium.
 43761 | Depths:4 | Bought a scroll of blinking for 97 gold pieces
 43880 | Depths:4 | Found a transporter.
 43909 | Depths:4 | Found Xuukyt's Weapon Emporium.
 43931 | Depths:4 | Noticed the Enchantress
 43932 | Depths:4 | Identified the ring "Waibigue" {rCorr Str+3 Int+4 Dex+3}
 43958 | Depths:4 | Killed the Enchantress
 43975 | Depths:4 | Killed Mennas
 44020 | Depths:4 | Noticed a golden dragon
 44027 | Depths:4 | Killed a golden dragon
 44058 | Depths:4 | Received a gift from Okawaru
 44131 | Depths:4 | Identified the ring "Gihimeib" {rC+ EV+5 Str+2}
 44165 | Depths:4 | Reached XP level 24. HP: 180/180 MP: 32/32
 44384 | Vaults:5 | Entered Level 5 of the Vaults
 44391 | Vaults:5 | Noticed an ancient lich
 44556 | Vaults:5 | Got a silver rune of Zot
 44606 | Vaults:5 | Paralysed by a sphinx for 5 turns
 44692 | Abyss:3  | Cast into level 3 of the Abyss (a deep elf sorcerer)
 45056 | Abyss:3  | Found a corrupted altar of Lugonu.
 45117 | Abyss:3  | Received a gift from Okawaru
 45118 | Abyss:3  | Reached XP level 25. HP: 186/189 MP: 31/32
 45201 | Abyss:3  | Got an abyssal rune of Zot
 45219 | Vaults:5 | Escaped the Abyss
 45236 | Vaults:5 | Identified the +2 triple sword "Qomigaj" {elec, rF++}
 45388 | Vaults:5 | Killed an ancient lich
 45397 | Vaults:5 | Received a gift from Okawaru
 45483 | Vaults:5 | Identified the +1 flail "Ugraev" {venom, rElec SInv}
 45553 | Vaults:5 | Noticed an ancient lich
 45564 | Vaults:5 | Killed an ancient lich
 45669 | Vaults:5 | Received a gift from Okawaru
 45713 | Vaults:5 | Identified the +3 short sword "Folat" {distort, rElec rPois
                  | rC- SInv}
 45716 | Vaults:5 | Identified the staff of the Crypt {rPois Will+ Int+3 Necro
                  | Poison}
 45721 | Vaults:5 | Identified the staff "Daliuthovvo" {rElec rC+ Ice}
 45988 | Vaults:5 | Identified the +5 quarterstaff "Ekhli" {vamp, Drain rElec
                  | Str+9 Int-4}
 46113 | Vaults:5 | Identified the staff "Zugoh" {Str+2 Int+5 Earth}
 46419 | Zot:1    | Entered Level 1 of the Realm of Zot
 47028 | Zot:1    | Acquired 668 gold pieces
 47096 | Zot:1    | Received a gift from Okawaru
 48638 | Zot:3    | Reached XP level 26. HP: 196/196 MP: 32/32
 48642 | Zot:3    | Received a gift from Okawaru
 49962 | Zot:4    | Reached skill level 24 in Shapeshifting
 49980 | Zot:4    | Received a gift from Okawaru
 50274 | Zot:4    | Noticed a Killer Klown
 50293 | Zot:4    | Killed a Killer Klown
 50296 | Zot:4    | Received a gift from Okawaru
 50331 | Zot:4    | Reached skill level 25 in Shapeshifting
 50796 | Zot:5    | Entered Level 5 of the Realm of Zot
 51096 | Zot:5    | Noticed an ancient lich
 51096 | Zot:5    | Noticed a dread lich
 51102 | Zot:5    | Received a gift from Okawaru
 51106 | Zot:5    | Killed an ancient lich
 51107 | Zot:5    | Reached XP level 27. HP: 201/201 MP: 1/32
 51110 | Zot:5    | Noticed an orb of fire
 51113 | Zot:5    | Killed a dread lich
 51123 | Zot:5    | Killed an orb of fire
 51124 | Zot:5    | Reached skill level 26 in Shapeshifting
 51134 | Zot:5    | Noticed a dread lich
 51134 | Zot:5    | Noticed a dread lich
 51142 | Arena    | Entered the Arena
 51148 | Arena    | Killed a dread lich
 51148 | Arena    | Received a gift from Okawaru
 51165 | Zot:5    | Killed a dread lich
 51359 | Zot:5    | Noticed an orb of fire
 51360 | Zot:5    | Identified the +3 orcbow of the Heart {speed, *Corrode rC+
                  | Str+3 Int+3 Dex+2}
 51367 | Zot:5    | Killed an orb of fire
 51368 | Zot:5    | Noticed an orb of fire
 51372 | Zot:5    | Noticed a dread lich
 51376 | Zot:5    | Noticed a dread lich
 51376 | Zot:5    | Killed an orb of fire
 51377 | Zot:5    | Noticed an orb of fire
 51380 | Zot:5    | Killed a dread lich
 51380 | Zot:5    | Received a gift from Okawaru
 51392 | Zot:5    | Killed an orb of fire
 51393 | Zot:5    | Reached skill level 27 in Shapeshifting
 51396 | Zot:5    | Killed a dread lich
 51398 | Zot:5    | Noticed an ancient lich
 51415 | Zot:5    | Killed an ancient lich
 51575 | Zot:5    | Lost mutation: You are clumsy. (Dex -2) [potion of
                  | mutation]
 51575 | Zot:5    | Gained mutation: You are partially covered in iridescent
                  | scales. (AC +2) [potion of mutation]
 51575 | Zot:5    | Gained mutation: You are resistant to electric shocks.
                  | (rElec) [potion of mutation]
 51577 | Zot:5    | Got the Orb of Zot
 52200 | D:1      | 134 base damage
 52200 | D:1      | gg
 52201 | D:$      | Escaped with the Orb!

Illustrated notes

#.# #......#.# #. #.#
#..##..#.# #. #####.#
#..##.÷#.# #. #.....#
##......#.###. #.#####
###.......#..##. #.##.#
###.........##.### #....#
#......###.÷...# ######.#
#....### ##....# #......###
#v...## ####.#
#.###....####....## #..#
#.###.##.#..#.....### #.##
#.#.#....#..###.....# #.#
#.#.######..# ###...# #.#
#...# #..# #...# ##.####
###.## #..# ##...# #......
#....#####..####....###.#...#
#.#...........#..##..##.###..


Turn 52200 on D:1: 134 base damage

Levels and vault maps discovered:
D:1:      amcnicky_arrival_wind_blow, layout_basic, serial_shops, shop, shop
D:2:      layout_basic, basic_altar
D:3:      layout_rooms
D:4:      layout_loops_ring
D:5:      layout_basic, nicolae_overflow_squiral,
          minmay_temple_entry_sparse_star
D:6:      layout_layer_cave, minivault_19, grunt_potential, uniq_grinder,
          uniq_blork_the_orc
D:7:      layout_loops_ring, grunt_temple_overflow_octagram
D:8:      layout_basic, corner_web_ring, kennysheep_decorative_pillar,
          minmay_lindwurm_lava
D:9:      argonaut_augean_stables, layout_cave_pools, minmay_lair_entry_grove
D:10:     layout_gridville, gammafunk_ghost_split,
          hangedman_abyss_or_decor_slice, minmay_misc_feat_roman,
          hangedman_decor_opposing, hangedman_abyss_or_decor_stabs
D:11:     nicolae_cairo_tiling_very_big, layout_loops_ring,
          grunt_decor_resistance
D:12:     layout_loops_cross
D:13:     layout_irregular_city, uniq_erolcha
D:14:     layout_long_grid, david_vaults_5,
          nicolae_concentric_dashed_squares_wild, nicolae_water_bricks
D:15:     hangedman_depths_entry_civil_slaughter, layout_basic,
          grunt_dithmenos_shadows, serial_undead, serial_undead_a,
          serial_undead_b, serial_undead_a, serial_undead_a, serial_undead_d,
          serial_undead_b, serial_undead_f
Lair:1:   layout_cave_pods, gauntlet_entry_generic,
          chequers_serial_rivers_large_b, evilmike_ambush
          [evilmike_ambush_outer_corners, evilmike_ambush_inner_basic],
          uniq_harold
Lair:2:   layout_layer_cave, shoals_dummy_entry, minmay_hedge_maze,
          minmay_shattered_shrine, grunt_megastairs_4, lemuel_fruit_fields
Lair:3:   layout_cellular_growth, nicolae_spider_entry_lesser_pyramids,
          guppyfry_lair_drakes, serial_bayou_shore_a, grunt_megastairs_5
Lair:4:   layout_cellular_growth, uniq_sonja
Lair:5:   evilmike_catoblepas_cave, layout_cave_pods,
          nicolae_slime_entry_field_trip, chequers_serial_rivers_small_a,
          grunt_megastairs_1, infiniplex_staircase_pool, serial_bayou_shore_b
Shoals:1: layout_shoals, st_shoals_ruin
Shoals:2: layout_shoals, abandoned_shop, nicolae_shop_firing_range, uniq_kirke,
          uniq_polyphemus
Shoals:3: layout_shoals, nicolae_shoals_beach_house_on_fowls_legs
Shoals:4: shoals_end_hellmonk_storm_palace [storm_palace_center_circular,
          storm_palace_corner_pillars, storm_palace_corner_grid,
          storm_palace_corner_grid, storm_palace_corner_blocked]
Spider:1: layout_spider_delve, nicolae_spider_claw_tunnel, uniq_jorgrun
Spider:2: layout_spider_delve, nzn_ghost_randoct, hellmonk_motheaten_closet
Spider:3: layout_spider_delve, hangedman_spider_tarantella_strand, uniq_louise,
          uniq_nikola, uniq_arachne
Spider:4: guppyfry_spider_rune, nicolae_spider_swamp_cousins
Orc:1:    layout_caves, serial_shops, nicolae_shop_tiny_waterfront
Orc:2:    st_orc_open, layout_caves
Vaults:1: ontoclasm_vaults_twist, nicolae_vaults_closet_pinwheel_2,
          vaults_room_hangedman_quadrants, nicolae_vaults_little_squares_1,
          grunt_vaults_focal, nicolae_vaults_heart-shaped_vault,
          nicolae_vaults_trapezoid_lopsided_4, ontoclasm_vaults_loading_screen,
          layout_vaults_big_room, serial_shops, shop
Vaults:2: v_misc_4, ontoclasm_vaults_claustrophobia, v_misc_8,
          nicolae_vaults_trapezoid_2, v_misc_16, vaults_mumra_chevron,
          v_alt_pattern_1, vaults_room_fours, nicolae_vaults_diagonal_hallway_6,
          vaults_room_grid, nicolae_vaults_two_Ls, layout_vaults_omnicross,
          serial_shops, shop, nicolae_shop_tiny_real_fake_doors,
          nicolae_shop_real_fake_doors, shop, shop, uniq_xtahua
Vaults:3: nicolae_vaults_network_s, vaults_dpeg_diagonal,
          minmay_crypt_entry_simple_round, v_misc_23, ontoclasm_vaults_pinch,
          hangedman_vaults_hat, nicolae_vaults_double_plus_2,
          nicolae_vaults_tetromino_Z_1, hangedman_vaults_capsules,
          nicolae_vaults_variable_pillar_hall, ontoclasm_vaults_shout,
          vaults_room_stairs_pillars, nicolae_vaults_little_ls,
          layout_vaults_omnibox
Vaults:4: hellmonk_ghost_happy_afterlife, nicolae_vaults_mitosis,
          hangedman_vaults_river_flow, nicolae_vaults_heart-shaped_vault,
          nicolae_vaults_more_shelving_1, nicolae_vaults_wine_cellar,
          v_pattern_5, v_misc_19, ontoclasm_vaults_tryst,
          nicolae_vaults_little_squares_4, ontoclasm_vaults_hangar,
          nicolae_vaults_specimen_jars, serial_ice_g, vaults_dpeg_encased_lava,
          layout_vaults_ring, serial_shops, shop, uniq_bai_suzhen
Vaults:5: serial_shops
Depths:1: layout_cave_pools, enter_ziggurat_b, enter_trove_2,
          grunt_hell_entry_dis_grunt, kiku_gazebo_pond_becter,
          minmay_stone_trees_small, eino_tiny_chamber,
          chequers_serial_rivers_small_b, fedhas_altar_2, minmay_shop_grove
Depths:2: minmay_fractal_lines_corner, layout_cave_pools, grunt_mini_vestibule,
          hex_tiny, hangedman_abyss_entry_splay, mu_enter_wizlab_4,
          rand_demon_pan_entry_7, minmay_misc_feat_hallway,
          nicolae_shop_sticking_my_neck_out
Depths:3: minmay_swirls_squares, layout_honeycomb, abyss_entry,
          dreamdust_wishing_well, hell_entry, infiniplex_staircase_zigzag_1,
          uniq_josephina, uniq_vv, uniq_mara
Depths:4: hangedman_spin_cycle, hell_entry, abyss_entry, uniq_enchantress,
          uniq_mennas
Zot:1:    layout_gridlike, st_stairs_13
Zot:2:    layout_concentric_octagons
Zot:3:    layout_concentric_octagons
Zot:4:    layout_basic, zot_minivault_2
Zot:5:    layout_misc_corridors

Skill      XL: |  1  2  3  4  5  6  7  8  9 10 11 12 13 14 15 16 17 18 19 20 21 22 23 24 25 26 27 |
---------------+----------------------------------------------------------------------------------+-----
Fighting       | 2 3 4 5 6 8 9 10 11 12 13 14 15 17 19 20 | 20.6
Unarmed Combat | 4 5 6 7 8 9 10 11 12 13 14 15 16 17 20 | 20.6
Dodging        | 3 5 6 10 11 12 13 14 15 16 17 20 | 20.0
Invocations    | 3 5 8 10 12 | 12.0
Shapeshifting  | 5 7 8 11 13 16 18 20 23 25 27 | 27.0
Shields        | 1 5 8 11 12 13 14 15 | 15.0

Action                     |  1- 3 |  4- 6 |  7- 9 | 10-12 | 13-15 | 16-18 | 19-21 | 22-24 | 25-27 || total
---------------------------+-------+-------+-------+-------+-------+-------+-------+-------+-------++-------
  Melee: Unarmed           |    56 |    92 |   221 |   581 |   991 |   955 |   972 |   542 |   676 ||  5086
         Constrict         |    15 |    19 |    37 |    65 |   186 |   163 |   109 |       |       ||   594
         Tentacles         |     6 |    20 |    45 |   151 |    63 |   219 |   234 |       |       ||   738
         Punch             |     1 |     2 |    12 |    47 |    27 |   109 |   134 |    69 |    93 ||   494
         Tailslap          |       |       |       |       |       |       |     1 |       |       ||     1
  Throw: Dart              |       |     3 |     3 |    11 |       |       |       |       |       ||    17
 Invoke: Heroism           |       |       |     3 |    15 |     4 |     3 |     7 |     8 |     5 ||    45
         Finesse           |       |       |       |     3 |     1 |       |     4 |     4 |     2 ||    14
         Receive Weapon    |       |       |       |       |     1 |       |       |       |       ||     1
         Receive Armour    |       |       |       |       |     1 |       |       |       |       ||     1
         Duel              |       |       |       |       |       |       |     1 |     2 |     1 ||     4
Ability: Blinkbolt         |       |       |       |       |       |       |       |       |     2 ||     2
  Evoke: Wand              |       |       |     6 |     1 |     3 |       |       |     1 |       ||    11
         Tin of tremorston |       |       |       |       |       |       |       |       |     1 ||     1
    Use: Scroll            |       |     2 |     5 |     5 |     9 |    10 |     3 |     5 |     5 ||    44
         Potion            |       |       |     1 |     6 |     3 |     1 |       |     4 |     9 ||    24
   Stab: Sleeping          |     5 |     5 |     7 |     2 |     1 |    10 |     6 |       |       ||    36
         Paralysed         |       |       |     5 |       |       |       |       |       |       ||     5
         Petrified         |       |       |       |       |     7 |     8 |       |       |       ||    15
         Distracted        |       |       |       |       |       |     2 |       |     1 |       ||     3
         Invisible         |       |       |       |       |       |       |       |       |     3 ||     3
 Armour: Skin              |    24 |    37 |    87 |   178 |   604 |   710 |   607 |   154 |   158 ||  2559
  Dodge: Dodged            |    28 |    62 |   112 |   393 |   942 |  1538 |  1416 |   699 |   829 ||  6019
  Block: Buckler           |       |       |       |    29 |       |       |       |       |       ||    29
         Kite shield       |       |       |       |       |   251 |  1226 |   834 |       |       ||  2311
         Tower shield      |       |       |       |       |       |       |   169 |       |       ||   169
   Form: Statue            |       |       |       |     1 |     1 |       |     1 |       |       ||     3
         Beast             |       |       |       |     1 |       |       |       |       |       ||     1
         Anaconda          |       |       |       |     1 |       |       |       |       |       ||     1
         Storm             |       |       |       |       |       |       |     1 |       |     4 ||     5
         Dragon            |       |       |       |       |       |       |     1 |       |     3 ||     4
         Death             |       |       |       |       |       |       |       |       |     1 ||     1

Table legend: (Time is in decaauts)
 A = Elapsed time spent in this place.
 B = Non-inter-level travel time spent in this place.
 C = Inter-level travel time spent in this place.
 D = Time resting spent in this place.
 E = Time spent auto-exploring this place.
 F = Levels seen in this place.
 G = Mean time per level.
                   A        B        C        D        E       F      G
               +--------+--------+--------+--------+--------+-----+--------+
         Total |  59511 |  55157 |   4354 |  10575 |  30100 |  52 | 1144.4 |
       Dungeon |  18513 |  16721 |   1792 |   4551 |   7461 |  15 | 1234.2 |
          Lair |   7427 |   6955 |    472 |   1689 |   4045 |   5 | 1485.4 |
        Shoals |   5503 |   5258 |    245 |    169 |   3875 |   4 | 1375.8 |
   Spider Nest |   5077 |   4665 |    412 |    427 |   2739 |   4 | 1269.2 |
  Orcish Mines |   1962 |   1686 |    276 |      0 |   1325 |   2 |  981.0 |
        Vaults |   7913 |   7498 |    415 |    887 |   4736 |   5 | 1582.6 |
        Depths |   5835 |   5322 |    513 |   1567 |   2491 |   4 | 1458.8 |
           Zot |   4874 |   4649 |    225 |    844 |   2849 |   5 |  974.8 |
         Abyss |    796 |    796 |      0 |      0 |     42 |   2 |  398.0 |
        Wizlab |    558 |    558 |      0 |      0 |    231 |   1 |  558.0 |
      Gauntlet |    998 |    998 |      0 |    439 |    303 |   1 |  998.0 |
         Arena |     48 |     48 |      0 |      0 |      0 |   4 |   12.0 |
               +--------+--------+--------+--------+--------+-----+--------+

Top non-repeatable levels by time:
  Lair:5: 2055 daAuts
     D:6: 1961 daAuts
Vaults:4: 1779 daAuts
Depths:3: 1767 daAuts
Vaults:2: 1716 daAuts
Vaults:1: 1697 daAuts
     D:9: 1657 daAuts
     D:7: 1648 daAuts
    D:14: 1624 daAuts
Spider:1: 1589 daAuts
Depths:2: 1585 daAuts
Shoals:2: 1569 daAuts
Spider:4: 1562 daAuts
Vaults:3: 1560 daAuts
  Lair:2: 1557 daAuts
